 Dungeon Crawl Stone Soup version 0.28-a0-479-g5baa6b73be (webtiles) character file.

Game seed: 6040309563188829840

65699 Fingolfin the Destroyer (level 15, -17/88 HPs)
             Began as a Gargoyle Earth Elementalist on Sept 17, 2021.
             Was a High Priest of Sif Muna.
             Demolished by a phantasmal warrior (25 damage)
             ... led by a death knight
             ... on level 12 of the Dungeon.
             The game lasted 01:30:19 (24082 turns).

Fingolfin the Destroyer (GrEE)                     Turns: 24082, Time: 01:30:20

Health: -17/88     AC: 27    Str: 11    XL:     15   Next: 17%
Magic:  4/28       EV: 13    Int: 29    God:    Sif Muna [*****.]
Gold:   1203       SH:  4    Dex: 10    Spells: 11/32 levels left

rFire   + . .      SeeInvis .   b - +4 dagger (drain)
rCold   x . .      Faith    .   U - +0 buckler
rNeg    + . .      Spirit   .   J - +0 steam dragon scales
rPois   ∞          Reflect  .   q - +2 helmet
rElec   +          Harm     .   i - +2 cloak
rCorr   .          Rampage  .   (no gloves)
Will    .....                   t - +2 pair of boots
Stlth   +++.......              P - amulet of magic regeneration
HPRegen 0.24/turn               Q - ring of fire
MPRegen 0.46/turn               n - +6 ring of intelligence

@: weak-willed, flying, studying Stealth
A: sickness immunity, AC +11, big wings, negative energy resistance 1,
electricity resistance, torment resistance 1, petrification resistance
a: Renounce Religion, Channel Magic, Forget Spell, Divine Exegesis


You were on level 12 of the Dungeon.
You worshipped Sif Muna.
Sif Muna was extremely pleased with you.
You visited 3 branches of the dungeon, and saw 19 of its levels.
You also visited: Ice Cave and Volcano.

You collected 1359 gold pieces.
You spent 156 gold pieces at shops.

Inventory:

Hand Weapons
 a - a +2 dagger of venom
 b - a +4 dagger of draining (weapon)
Missiles
 c - 420 stones
Armour
 i - a +2 cloak (worn)
 q - a +2 helmet (worn)
 t - a +2 pair of boots (worn)
 w - a +0 leather armour of fire resistance
 J - +0 steam dragon scales (worn)
 U - a +0 buckler (worn)
Magical Staves
 V - a staff of poison
Jewellery
 n - a +6 ring of intelligence (right hand)
 r - a ring of protection from fire
 s - a ring of ice
 D - a ring of protection from cold
 G - a ring of fire
 P - an amulet of magic regeneration (around neck)
 Q - a ring of fire (left hand)
Wands
 j - a wand of iceblast (17)
 v - a wand of paralysis (29)
 A - a wand of acid (10)
 C - a wand of flame (30)
 N - a wand of polymorph (24)
 S - a wand of mindburst (30)
 T - a wand of digging (10)
Scrolls
 e - a scroll of holy word {unknown}
 f - a scroll of blinking {unknown}
 h - 9 scrolls of teleportation
 k - a scroll of acquirement {unknown}
 m - 2 scrolls of silence {unknown}
 o - 2 scrolls of immolation {unknown}
 z - 3 scrolls of enchant armour
 B - 5 scrolls of enchant weapon
 E - 2 scrolls of amnesia
 H - 2 scrolls of fog {unknown}
 K - a scroll of brand weapon {unknown}
 L - 3 scrolls of magic mapping
 R - a scroll of fear {unknown}
 W - a scroll of identify
Potions
 d - 5 potions of curing
 u - 6 potions of brilliance
 F - 2 potions of mutation
 M - a potion of resistance
 O - 4 potions of lignification
 X - 3 potions of invisibility {unknown}
 Y - 2 potions of cancellation {unknown}


   Skills:
 + Level 8.3 Fighting
 + Level 6.4 Armour
 + Level 6.2 Dodging
 - Level 6.0 Stealth
 + Level 4.6 Shields
 - Level 9.0 Spellcasting
 - Level 12.0 Conjurations
 - Level 0.7 Transmutations
 - Level 12.0 Fire Magic
 - Level 4.0 Air Magic
 - Level 12.0 Earth Magic
 + Level 6.5 Invocations
 + Level 4.4 Evocations


You had 11 spell levels left.
You knew the following spells:

 Your Spells              Type           Power      Damage    Failure   Level
a - Sandblast             Erth           100%       2d20      1%          1
b - Passwall              Tmut/Erth      40%        N/A       1%          2
c - Stone Arrow           Conj/Erth      100%       3d13      1%          3
d - Starburst             Conj/Fire      44%        6d12      4%          6
f - Iron Shot             Conj/Erth      35%        9d7       4%          6
S - Swiftness             Air            36%        N/A       2%          3

Your spell library contained the following spells:

 Spells                   Type           Power      Damage    Failure   Level
 Foxfire                  Conj/Fire      100%       2x1d9     1%          1
 Magic Dart               Conj           100%       1d8       1%          1
 Shock                    Conj/Air       100%       1d9       1%          1
 Searing Ray              Conj           100%       2d8       1%          2
 Dazzling Flash           Conj/Hex       94%        N/A       1%          3
 Corpse Rot               Necr/Air       N/A        N/A       2%          2
 Poisonous Vapours        Pois/Air       48%        N/A       2%          2
 Ignite Poison            Fire/Tmut/Pois 54%        N/A       2%          3
 Beastly Appendage        Tmut           34%        N/A       3%          1
 Animate Armour           Summ/Erth      94%        N/A       3%          4
 Fulminant Prism          Conj/Hex       23%        3d13      3%          4
 Hailstorm                Conj/Ice       47%        3d11      3%          4
 Iskenderun's Mystic Bla  Conj/Tloc      47%        2d10      3%          4
 Petrify                  Tmut/Erth      49%        N/A       3%          4
 Freeze                   Ice            52%        1d7       4%          1
 Wereblood                Tmut           17%        N/A       4%          2
 Lightning Bolt           Conj/Air       28%        1d44      4%          5
 Call Imp                 Summ           13%        N/A       6%          2
 Ensorcelled Hibernation  Hex/Ice        26%        N/A       6%          2
 Slow                     Hex            13%        N/A       6%          2
 Airstrike                Air            18%        N/A       8%          4
 Irradiate                Conj/Tmut      24%        3d21      9%          5
 Spider Form              Tmut/Pois      7%         N/A       11%         3
 Call Canine Familiar     Summ           13%        N/A       12%         3
 Confusing Touch          Hex            13%        N/A       12%         3
 Frozen Ramparts          Ice            26%        1d4       12%         3
 Tukima's Dance           Hex            13%        N/A       12%         3
 Summon Lightning Spire   Summ/Air       24%        N/A       19%         4
 Conjure Ball Lightning   Conj/Air       28%        3x3d8     24%         6
 Passage of Golubria      Tloc           N/A        N/A       38%         4
 Silence                  Hex/Air        12%        N/A       45%         5
 Blade Hands              Tmut           8%         N/A       65%         5
 Yara's Violent Unravell  Hex/Tmut       7%         3d5       69%         5
 Lehudib's Crystal Spear  Conj/Erth      35%        10d9      89%         8
 Eringya's Noxious Bog    Tmut/Pois      7%         N/A       99%         6
 Haunt                    Necr/Summ      6%         N/A       100%        7
 Dragon's Call            Summ           6%         N/A       100%        9
 Fire Storm               Conj/Fire      44%        8d11      100%        9
 Sublimation of Blood     Necr           Unusable   N/A       N/A         2

Dungeon Overview and Level Annotations

Branches:
Dungeon (12/15)            Temple (1/1) D:6            Lair (6/6) D:10
  Swamp (0/4) Lair:2        Snake (0/4) Lair:3        Slime (0/5) Lair:5
    Orc (0/2) D:12          IceCv (visited)         Volcano (visited)

Altars:
Ashenzari
Cheibriados
Dithmenos
Elyvilon
Fedhas
Gozag
Hepliaklqana
Kikubaaqudgha
Makhleb
Nemelex Xobeh
Okawaru
Qazlal
Ru
Sif Muna
Trog
Uskayaw
Vehumet
Wu Jian
Xom
Yredelemnul
Zin
The Shining One
Jiyva

Shops:
D:5 !   D:7 *


Innate Abilities, Weirdness & Mutations

You are immune to sickness and miasma.
Your stone body is resilient. (AC +11)
You are immune to poison.
Your large and strong wings let you fly.
You resist negative energy. (rN+)
You are resistant to electric shocks. (rElec)
You are resistant to unholy torment.
You are immune to petrification.


Message History

You kill the death knight!
Sif Muna accepts your kill.
The bolt of fire hits the phantasmal warrior!!!
The phantasmal warrior is severely damaged.
Press: ? - help, v - describe, . - travel, g - get item
Items here: a +1 battleaxe; a +0 chain mail; a human corpse.
The floor.
Your +2 dagger of venom stops dripping with poison.
You sense an unholy aura.
b - a +4 dagger of draining (weapon)
You barely miss the phantasmal warrior.
The phantasmal warrior is severely damaged.
The phantasmal warrior barely misses you.
You hit the phantasmal warrior but do no damage.
The phantasmal warrior is severely damaged.
The phantasmal warrior hits you.
* * * LOW HITPOINT WARNING * * *
You hit the phantasmal warrior but do no damage.
The phantasmal warrior is severely damaged.
The phantasmal warrior hits you!
* * * LOW HITPOINT WARNING * * *
The phantasmal warrior gestures at you.
The phantasmal warrior blinks!
Aiming: Corrosive Bolt
Press: ? - help, Shift-Dir - straight line, f - phantasmal warrior
Aim: a phantasmal warrior (severely damaged, 74% to hit)
The bolt of acid hits the phantasmal warrior!
The acid corrodes the phantasmal warrior!
The phantasmal warrior is almost destroyed.
Aiming: Corrosive Bolt
Press: ? - help, Shift-Dir - straight line, f/p - phantasmal warrior
Aim: a phantasmal warrior (almost destroyed, covered in acid, 74% to hit)
The bolt of acid misses the phantasmal warrior.
The phantasmal warrior hits you but does no damage.
Aiming: Corrosive Bolt
Press: ? - help, Shift-Dir - straight line, f/p - phantasmal warrior
Aim: a phantasmal warrior (almost destroyed, covered in acid, 74% to hit)
The bolt of acid misses the phantasmal warrior.
The phantasmal warrior hits you!!
You die...

###### #....#### .
#.@..##.+ .. #.W.)...###
... #....##.'.######.#
#....####......>.( ..
###### #††..#.#.# #.# ##
####).)..# #..#
###.###...)...##
....###<..##..#.....##
.....................####


You could see a phantasmal warrior (corroded).

Vanquished Creatures
  Fannar (D:11)
  Harold (D:7)
  5 hydras
  A centaur warrior (D:11)
  A merfolk avatar (Lair:6)
  3 two-headed ogres
  5 death yaks
  A death knight (D:12)
  Nergalle (D:10)
  A skeletal warrior (D:12)
  A sea snake (Lair:6)
  A phantasmal warrior (D:12)
  A deep elf pyromancer (Volcano)
  4 cyclopes
  3 harpies (Lair:6)
  2 manticores (Lair:6)
  3 ugly things
  A salamander (Volcano)
  Maurice (D:11)
  20 elephants
  11 cane toads
  3 ice statues (IceCv)
  6 gargoyles
  3 black mambas
  A torpor snail (Lair:2)
  2 kobold demonologists (D:7)
  A rime drake (Lair:6)
  11 komodo dragons
  A freezing wraith (IceCv)
  An unseen horror (D:8)
  An anaconda simulacrum (IceCv)
  2 ice devils (D:12)
  A troll (D:8)
  4 polar bears
  3 hornets (Lair:6)
  Grinder (D:5)
  Prince Ribbit (D:8)
  25 blink frogs
  Sigmund (D:5)
  3 wraiths
  2 vampires
  42 yaks
  7 wyverns
  A human (D:12)
  3 vampire mosquitoes (D:10)
  4 basilisks
  3 steam dragons
  A warg (D:12)
  A death yak simulacrum (IceCv)
  Menkaure (D:5)
  A harpy simulacrum (IceCv)
  A naga (Lair:3)
  19 water moccasins
  9 orc warriors
  8 black bears
  An ice beast (D:5)
  A necrophage (D:4)
  A hornet zombie (D:6)
  2 sky beasts (D:7)
  19 wolves
  An ogre (D:6)
  6 centaurs
  2 phantoms (D:6)
  3 kobold brigands
  Blork the orc (D:6)
  20 bullfrogs
  A cane toad simulacrum (IceCv)
  A scorpion (D:6)
  A water moccasin zombie (D:6)
  An elephant simulacrum (IceCv)
  16 killer bees
  5 wights
  5 howler monkeys
  A bullfrog zombie (D:5)
  3 centaur zombies
  11 orc priests
  2 bullfrog skeletons
  3 gnoll shamans
  5 jellies
  A scorpion zombie (D:5)
  5 iguanas
  9 orc wizards
  6 hell rats (Lair:5)
  4 polar bear simulacra (IceCv)
  A killer bee zombie (D:7)
  A hound zombie (D:5)
  3 howler monkey zombies
  6 gnolls
  7 adders
  4 shadow imps
  2 white imps
  2 ufetubi
  An adder zombie (D:5)
  2 dart slugs (D:1)
  46 orcs
  9 ball pythons
  11 endoplasms
  3 giant cockroaches
  6 goblins
  6 hobgoblins
  3 jackals (D:1)
  2 quokkas
  10 bats
  5 frilled lizards
  16 kobolds
  4 rats
529 creatures vanquished.

Vanquished Creatures (others)
  48 fungi
  131 plants
179 creatures vanquished.

Grand Total: 708 creatures vanquished

Notes
Turn   | Place    | Note
-------+----------+-------------------------------------------
     0 | D:1      | Fingolfin the Gargoyle Earth Elementalist began the quest
                  | for the Orb.
     0 | D:1      | Reached XP level 1. HP: 10/10 MP: 3/3
   346 | D:1      | Reached XP level 2. HP: 11/15 MP: 5/5
   509 | D:1      | Learned a level 2 spell: Passwall
   784 | D:1      | Reached XP level 3. HP: 18/19 MP: 6/6
   788 | D:1      | Learned a level 3 spell: Stone Arrow
  1156 | D:1      | Reached skill level 1 in Conjurations
  1508 | D:2      | Reached XP level 4. HP: 19/24 MP: 7/7
  1937 | D:3      | Found a faded altar of an unknown god.
  2232 | D:3      | Noticed a steam dragon
  2257 | D:3      | HP: 1/24 [steam dragon (4)]
  2258 | D:3      | Killed a steam dragon
  2259 | D:3      | Reached XP level 5. HP: 1/32 MP: 3/8
  2259 | D:3      | Reached XP level 6. HP: 2/37 MP: 3/9
  3064 | D:4      | Found a burning altar of Makhleb.
  3869 | D:5      | Entered Level 5 of the Dungeon
  3879 | D:5      | Noticed an ice beast
  4230 | D:5      | Reached skill level 1 in Armour
  4476 | D:5      | Noticed Menkaure
  4636 | D:5      | Noticed Sigmund
  4692 | D:5      | Killed Sigmund
  4693 | D:5      | Reached XP level 7. HP: 29/43 MP: 0/10
  5124 | D:5      | Killed Menkaure
  5125 | D:5      | Reached skill level 5 in Fighting
  5125 | D:5      | Reached XP level 8. HP: 49/49 MP: 1/11
  5232 | D:5      | Noticed Grinder
  5237 | D:4      | Reached skill level 1 in Evocations
  5453 | D:5      | Killed Grinder
  5715 | D:5      | Found Butwedgh's Distillery.
  5723 | D:5      | Bought a potion of heal wounds for 65 gold pieces
  5723 | D:5      | Bought a potion of curing for 39 gold pieces
  5723 | D:5      | Bought a potion of brilliance for 52 gold pieces
  6113 | D:6      | You fall into a shaft and drop 2 floors!
  6135 | D:8      | Noticed Prince Ribbit
  6142 | D:8      | Killed Prince Ribbit
  6205 | D:7      | Reached XP level 9. HP: 55/55 MP: 6/14
  6322 | D:6      | Noticed Blork the orc
  6326 | D:6      | Killed Blork the orc
  6662 | D:6      | Found a staircase to the Ecumenical Temple.
  6672 | Temple   | Entered the Ecumenical Temple
  6676 | Temple   | Became a worshipper of Sif Muna the Loreminder
  6940 | D:6      | Reached skill level 5 in Spellcasting
  7270 | D:6      | Reached skill level 5 in Earth Magic
  7552 | D:6      | Identified the +8 rapier "Edou" {venom, *Rage rElec rPois
                  | rF-}
  7744 | D:6      | Reached skill level 5 in Conjurations
  7941 | D:7      | Found Wagat's Neck Hole.
  8125 | D:7      | Found a transporter.
  8126 | D:7      | Noticed a kobold demonologist
  8132 | D:7      | Noticed a kobold demonologist
  8152 | D:7      | Reached XP level 10. HP: 51/60 MP: 6/19
  8205 | D:7      | Reached * piety under Sif Muna
  8449 | D:7      | Noticed a sixfirhy
  8449 | D:7      | Killed a kobold demonologist
  8457 | D:7      | Killed a kobold demonologist
  8471 | D:7      | Found a transporter.
  8949 | D:7      | Noticed Harold
  8955 | D:7      | Killed Harold
  9296 | D:8      | Upgraded the game from 0.28-a0-476-g0f06bd746f to
                  | 0.28-a0-479-g5baa6b73be
  9431 | D:8      | Killed an unseen horror
  9432 | D:8      | Reached skill level 5 in Invocations
  9982 | D:8      | Reached ** piety under Sif Muna
  9989 | D:8      | Reached XP level 11. HP: 65/65 MP: 2/20
 10248 | D:8      | Reached skill level 5 in Armour
 11047 | D:8      | Noticed a two-headed ogre
 11052 | D:8      | Killed a two-headed ogre
 11142 | D:8      | Found a glowing golden altar of the Shining One.
 11227 | D:9      | Reached skill level 5 in Dodging
 11648 | D:9      | Found a broken altar of Ashenzari.
 11900 | D:9      | Found a stormy altar of Qazlal.
 12765 | D:10     | Entered Level 10 of the Dungeon
 12785 | D:10     | Noticed Nergalle
 12790 | D:10     | Killed Nergalle
 13177 | D:10     | Reached skill level 5 in Stealth
 13687 | D:10     | Reached *** piety under Sif Muna
 13942 | D:10     | Identified the +8 shortbow of Defilement {speed, rN+ Str-2
                  | Dex+2 Stlth+}
 13959 | D:10     | Found a white marble altar of Elyvilon.
 13959 | D:10     | Found a hide-covered altar of Uskayaw.
 14175 | D:10     | Found a staircase to the Lair.
 14277 | Lair:1   | Entered Level 1 of the Lair of Beasts
 14473 | Lair:1   | Reached XP level 12. HP: 73/73 MP: 8/22
 14845 | Lair:1   | Learned a level 6 spell: Starburst
 14963 | Lair:1   | Found a stormy altar of Qazlal.
 14966 | Lair:1   | Reached **** piety under Sif Muna
 15113 | Lair:1   | Reached skill level 1 in Fire Magic
 16078 | Lair:2   | Found a staircase to the Swamp.
 16348 | Lair:2   | Reached skill level 5 in Fire Magic
 16466 | Lair:2   | Learned a level 3 spell: Swiftness
 16563 | Lair:2   | You fall into a shaft and drop 2 floors!
 16613 | Lair:3   | Reached skill level 10 in Conjurations
 16732 | Lair:3   | Learned a level 6 spell: Iron Shot
 16740 | Lair:3   | Found a dark tunnel.
 16755 | Volcano  | Entered a volcano
 16766 | Volcano  | Reached skill level 1 in Air Magic
 16813 | Volcano  | Reached XP level 13. HP: 78/78 MP: 20/26
 17089 | Volcano  | Reached ***** piety under Sif Muna
 17209 | Lair:3   | Found a staircase to the Snake Pit.
 17335 | Lair:3   | Received a gift from Sif Muna
 17345 | Lair:3   | Got Sif Muna's Volume of Destructive Transformation {god
                  | gift}
 18863 | Lair:4   | Identified the +1 robe of Yxtenawk {+Inv Str+2}
 19016 | Lair:5   | Reached skill level 10 in Earth Magic
 19917 | Lair:5   | Found a runed translucent door.
 19917 | Lair:5   | Found a viscous altar of Jiyva.
 19917 | Lair:5   | Found a staircase to the Slime Pits.
 19923 | Lair:5   | Received a gift from Sif Muna
 19924 | Lair:5   | Got Sif Muna's Reference Book on the Entourage and Fire
                  | {god gift}
 20165 | Lair:6   | Entered Level 6 of the Lair of Beasts
 20336 | Lair:6   | Gained mutation: Your large and strong wings let you fly.
                  | [Gargoyle growth]
 20336 | Lair:6   | Reached XP level 14. HP: 31/84 MP: 12/27
 20898 | Lair:6   | Reached skill level 10 in Fire Magic
 21128 | Lair:6   | Reached skill level 1 in Shields
 21999 | Lair:6   | Identified the +8 trident of Heseolemn {flame, *Slow +Blink
                  | Fly SInv}
 22804 | D:11     | Noticed Fannar
 22810 | D:11     | Noticed Maurice
 22815 | D:11     | Killed Fannar
 22817 | D:11     | Killed Maurice
 23199 | D:12     | Found a frozen archway.
 23234 | IceCv    | Entered an ice cave
 23247 | IceCv    | Received a gift from Sif Muna
 23262 | IceCv    | Reached XP level 15. HP: 48/88 MP: 19/28
 24045 | D:12     | Found a staircase to the Orcish Mines.
 24082 | D:12     | Demolished by a phantasmal warrior

Illustrated notes

Levels and vault maps discovered:
D:1:      dpeg_arrival_rooms_with_view, layout_loops_ring,
          hangedman_decor_opposing
D:2:      layout_loops_cross
D:3:      minmay_skewed_foursquare, layout_basic,
          hellmonk_ecumenical_altar_inner_sanctum
D:4:      layout_loops_corners, nicolae_overflow_crystal_walls
D:5:      layout_basic, serial_shops, shop, chequers_garden, uniq_menkaure,
          uniq_sigmund, uniq_grinder
D:6:      minmay_clustersquares, layout_cave_pods,
          minmay_temple_entry_mini_moons, uniq_blork_the_orc
D:7:      gammafunk_wand_slinger, layout_loops_ring, roderic_roman_lattice,
          grunt_decor_clamped, nicolae_shop_sticking_my_neck_out, uniq_harold
D:8:      layout_layer_cave, tso_oasis_becter, minmay_manual_moon,
          uniq_prince_ribbit1
D:9:      layout_stronghold, nicolae_qazlal_style_of_elements,
          evilmike_ruin_ashenzari, minmay_variable_closet, grunt_ministairs_5,
          lemuel_flamethrower_1
D:10:     layout_stronghold, gammafunk_temple_overflow_elements,
          david_lair_shrubbed, uniq_nergalle
D:11:     layout_irregular_city, st_stairs_8, uniq_fannar, uniq_maurice
D:12:     layout_rooms, erik_orc_4, portal_ice_cave_demonic_guard,
          uniq_josephine
Temple:   nicolae_temple_x_marks_the_god
Lair:1:   wad_woods_stonehenge, layout_regular_city, grunt_megastairs_5
Lair:2:   layout_cave_pods, swamp_mist, grunt_forest_small_clearings,
          beast_lair_carwin_1
Lair:3:   layout_roguey, guppyfry_snake_entry_island, gauntlet_entry_generic,
          enter_volcano_4, grunt_forest_small_clearing_treed,
          lemuel_fruit_fields
Lair:4:   layout_hall_layers
Lair:5:   layout_regular_city, slime_altar_2
Lair:6:   gammafunk_lair_ancient_temple, layout_loops_ring,
          chequers_serial_rivers_room_b

Skill      XL: |  1  2  3  4  5  6  7  8  9 10 11 12 13 14 |
---------------+-------------------------------------------+-----
Earth Magic    | 4 6 8 9 10 12 | 12.0
Conjurations   | 2 4 6 8 10 11 12 | 12.0
Fighting       | 3 4 5 6 8 |  8.3
Armour         | 2 3 4 6 |  6.4
Dodging        | 2 3 4 6 |  6.2
Stealth        | 3 4 6 |  6.0
Evocations     | 4 |  4.4
Spellcasting   | 3 6 9 |  9.0
Invocations    | 6 |  6.5
Fire Magic     | 6 9 12 | 12.0
Air Magic      | 1 4 |  4.0
Shields        | 4 |  4.6
Transmutations | |  0.7

Action                   |  1- 3 |  4- 6 |  7- 9 | 10-12 | 13-15 || total
-------------------------+-------+-------+-------+-------+-------++-------
Melee: Dagger            |    94 |    99 |    54 |   180 |   109 ||   536
 Cast: Sandblast         |     3 |     6 |    30 |   133 |    52 ||   224
       Stone Arrow       |       |    22 |    80 |   241 |   128 ||   471
       Iron Shot         |       |       |       |       |    80 ||    80
       Starburst         |       |       |       |       |    55 ||    55
Evoke: Wand              |       |     1 |       |    13 |     6 ||    20
  Use: Scroll            |       |       |       |    12 |     3 ||    15
       Potion            |       |       |       |       |     1 ||     1
 Stab: Sleeping          |     4 |     2 |       |       |     1 ||     7
Armor: Robe              |    37 |    45 |    39 |    82 |       ||   203
       Steam dragon scal |       |       |       |    95 |   160 ||   255
       Leather armour    |       |       |       |       |    31 ||    31
Dodge: Dodged            |    52 |    67 |    64 |   241 |   208 ||   632
Block: Buckler           |       |       |       |       |    16 ||    16

Table legend: (Time is in decaauts)
 A = Elapsed time spent in this place.
 B = Non-inter-level travel time spent in this place.
 C = Inter-level travel time spent in this place.
 D = Time resting spent in this place.
 E = Time spent auto-exploring this place.
 F = Levels seen in this place.
 G = Mean time per level.
                   A        B        C        D        E       F      G
               +--------+--------+--------+--------+--------+-----+--------+
         Total |  24097 |  23265 |    832 |   8957 |  10145 |  21 | 1147.5 |
       Dungeon |  15015 |  14466 |    549 |   5301 |   7010 |  12 | 1251.2 |
        Temple |     63 |     56 |      7 |      0 |     48 |   1 |   63.0 |
          Lair |   7841 |   7566 |    275 |   2844 |   3033 |   6 | 1306.8 |
      Ice Cave |    784 |    784 |      0 |    618 |     54 |   1 |  784.0 |
       Volcano |    392 |    392 |      0 |    194 |      0 |   1 |  392.0 |
               +--------+--------+--------+--------+--------+-----+--------+

Top non-repeatable levels by time:
     D:8: 1935 daAuts
     D:6: 1812 daAuts
  Lair:5: 1657 daAuts
     D:9: 1653 daAuts
  Lair:6: 1642 daAuts
     D:7: 1533 daAuts
     D:4: 1515 daAuts
     D:5: 1450 daAuts
    D:10: 1440 daAuts
  Lair:1: 1410 daAuts
     D:1: 1293 daAuts
  Lair:3: 1199 daAuts
     D:3: 1061 daAuts
  Lair:4: 1005 daAuts
  Lair:2: 926 daAuts
